 Dungeon Crawl Stone Soup version 0.24.0-123-gd5b16e6ec5 (webtiles) character file.

Game seed: 12491432611088457649, levelgen mode: deterministic

23 Descartes the Grasshopper (level 2, -1/13 HPs)
             Began as a Felid Warper on Dec 28, 2019.
             Slain by Sigmund
             ... wielding a +0 scythe
              (14 damage)
             ... on level 2 of the Dungeon.
             The game lasted 00:03:38 (1246 turns).

Descartes the Grasshopper (Felid Warper)            Turns: 1246, Time: 00:03:39

Health: -1/13      AC:  1    Str:  7    XL:     2   Next: 75%
Magic:  6/6        EV: 18    Int: 14    God:
Gold:   6          SH:  0    Dex: 15    Spells: 1/5 levels left
                                        Lives:  0   Deaths: 0

rFire    . . .     SeeInvis +     - Unarmed
rCold    . . .     Gourm    .   (shield unavailable)
rNeg     . . .     Faith    .   (armour unavailable)
rPois    .         Spirit   .   (helmet unavailable)
rElec    .         Reflect  .   (cloak unavailable)
rCorr    .         Harm     .   (gloves unavailable)
MR       .....                  (boots unavailable)
Stlth    ++........             (no amulet)
HPRegen  0.04/turn              (no ring)
MPRegen  0.10/turn              (no ring)

@: quick
A: very small, no armour, no weapons or thrown items, stealth, claws 1, fangs 3,
see invisible, carnivore, speed 1, shaggy fur 1, slow metabolism 1, sharp paws
a: no special abilities


You were on level 2 of the Dungeon.
You were full.

You visited 1 branch of the dungeon, and saw 2 of its levels.

You collected 6 gold pieces.

Inventory:

Missiles
 a - 39 stones
 i - 32 arrows
Scrolls
 b - a scroll of blinking
 d - 2 scrolls of identify {unknown}
Potions
 e - a potion of lignification {unknown}
 f - 2 potions of agility {unknown}
 g - a potion of curing {unknown}
 h - a potion of berserk rage {unknown}
Comestibles
 c - 2 rations


   Skills:
 + Level 2.2 Fighting
 + Level 3.4 Dodging
 * Level 1.4 Stealth
 * Level 2.3 Unarmed Combat
 + Level 2.1 Spellcasting
 + Level 0.4 Charms
 + Level 4.5 Translocations


You had one spell level left.
You knew the following spells:

 Your Spells              Type           Power        Failure   Level  Hunger
a - Blink                 Tloc           N/A          5%          2    ###....
b - Shroud of Golubria    Chrm/Tloc      #.....       13%         2    ###....

Your spell library contained the following spells:

 Spells                   Type           Power        Failure   Level  Hunger
 Gell's Gravitas          Tloc           ##........   11%         3    ###....
 Lesser Beckoning         Tloc           ##........   11%         3    ###....
 Teleport Other           Tloc           ##......     11%         3    ###....
 Passage of Golubria      Tloc           N/A          36%         4    #####..


Dungeon Overview and Level Annotations

Branches:
Dungeon (2/15)

Altars:

Annotations:
D:2 Sigmund


Innate Abilities, Weirdness & Mutations

You cannot wear armour.
You are incapable of wielding weapons or throwing items.
Your paws allow you to move quietly. (Stealth)
You have sharp claws.
You have razor-sharp teeth.
You have supernaturally acute eyesight. (SInv)
You are carnivorous and can eat meat at any time.
You cover ground quickly.
You are covered in fur. (AC +1)
You have a slow metabolism.
Your sharp claws are effective at attacking unaware monsters.


Message History

You barely miss the rat. The rat bites you.
You scratch the rat but do no damage. The rat closely misses you.
You scratch the rat.
You kill the rat!
No target in view!
No target in view!
No target in view!
HP restored.
Found a leather armour.
A frilled lizard comes into view.
You see here a leather armour.
Sigmund the Dreaded comes into view.
He is wielding a +0 scythe and wearing a +0 robe of positive energy.
Found a quarterstaff.
The helpless frilled lizard fails to defend itself.
You claw the frilled lizard!
You kill the frilled lizard!
Sigmund shouts!
Sigmund hits you from afar with a +0 scythe!
Ouch! That really hurt!
You die...

..# .# ..# ..# ..# #.#
..# #.# ..# #.# ##.@# #.#
#.).# ..# #..####.###@.#
..# #.......[....# ..###
.#####.###.#### #.... #.#
#....######.#.#
.#####.######.....##.#.#
#........^..##.###.##.#.#
#######........# #.##<#.#
#####.##.###.##.#.#
#.............#


You could see Sigmund.

Vanquished Creatures
  3 bats (D:1)
  5 giant cockroaches
  3 goblins (D:1)
  4 hobgoblins (D:1)
  2 frilled lizards
  2 kobolds (D:1)
  A rat (D:2)
20 creatures vanquished.

Notes
Turn   | Place    | Note
-------+----------+-------------------------------------------
     0 | D:1      | Descartes the Felid Warper began the quest for the Orb.
     0 | D:1      | Reached XP level 1. HP: 9/9 MP: 4/4
   635 | D:1      | Reached skill level 1 in Stealth
   636 | D:1      | Reached XP level 2. HP: 11/13 MP: 6/6
   640 | D:1      | Learned a level 2 spell: Blink
   643 | D:1      | Learned a level 2 spell: Shroud of Golubria
  1243 | D:2      | Noticed Sigmund
  1246 | D:2      | Slain by Sigmund

Levels and vault maps discovered:
D:1:      nicolae_arrival_memento_mori, layout_basic
D:2:      layout_loops_ring, serial_glass, glass_columns_c, glass_columns_a,
          uniq_sigmund, uniq_crazy_yiuf_cottage

Skill      XL: |  1 |
---------------+----+-----
Stealth        | 1 |  1.4
Fighting       | |  2.2
Dodging        | |  3.4
Unarmed Combat | |  2.3
Spellcasting   | |  2.1
Charms         | |  0.4
Translocations | |  4.5

Action                   || total
-------------------------++-------
Melee: Unarmed           ||    71
       Bite              ||     4
  Use: Scroll            ||     1
 Stab: Sleeping          ||     3
  Eat: Chunk             ||     5
Armor: Skin              ||     6
Dodge: Dodged            ||    50
